AoeStats
← el forasteiro

Arena

508453585Analyzed
1v1 RM · 24d ago on Sep 22, 2026· 47m 29s· 2 players
Game mode
Random Map
Map size
Tiny (2 player)
Population
200
Speed
Normal
Resources
Standard
Victory
Conquest
Starting age
Dark Age
Ending age
Imperial Age
RankedLock teamsTeams togetherTeam positionsShared explorationLock speedFull tech treeHidden civsTurbo modeCheats
Victory
Defeat
🇬🇧 Bulgarians · United Kingdom
415
+14
vs
🇧🇷 Ethiopians · Brazil
367
-14
el forasteiro
10:16 Feudal Age
11:14 Double-Bit Axe
12:02 Scale Barding Armor
13:38 Wheelbarrow
18:14 Horse Collar
21:44 Castle Age
21:43 Man-at-Arms
22:39 Heavy Plow
23:35 Forging
23:46 Chain Barding Armor
29:09 Fervor
29:21 Sanctity
30:27 Gold Mining
30:27 Stone Mining
32:32 Squires
33:24 Iron Casting
39:14 Imperial Age
37:25 Ballistics
37:10 Fletching
40:00 Halberdier
42:00 Blast Furnace
40:57 Bodkin Arrow
43:49 Light Cavalry
44:49 Torsion Engines
LiteralCash9652
10:30 Feudal Age
8:46 Loom
12:32 Wheelbarrow
15:36 Horse Collar
15:52 Gold Mining
15:57 Stone Mining
21:24 Castle Age
20:27 Forging
24:36 Scale Barding Armor
25:07 Iron Casting
25:57 Scale Mail Armor
28:34 Hand Cart
28:44 Hand Cart
29:27 Padded Archer Armor
40:34 Imperial Age
42:16 Onager
42:30 Elite Konnik
Connection lost

Rejoining the realm…

Still unreachable

The connection could not be restored.

Session expired

The server has moved on; the page needs a fresh start.